 Dungeon Crawl Stone Soup version 0.29.1-1-gd02db6906a (webtiles) character file.

Game seed: 18021840686807187034

135 QueenGhuleh the Trooper (level 4, 0/41 HPs)
             Began as a Minotaur Abyssal Knight on Sept 28, 2022.
             Was a Priest of Lugonu.
             Slain by an ogre
             ... wielding a +0 giant spiked club
              (14 damage)
             ... on level 4 of the Dungeon.
             The game lasted 00:03:58 (2532 turns).

QueenGhuleh the Trooper (Minotaur Abyssal Knight)   Turns: 2532, Time: 00:03:58

Health: 0/41       AC: 12    Str: 20    XL:     4   Next: 97%
Magic:  4/4        EV:  6    Int:  7    God:    Lugonu [***...]
Gold:   168        SH:  0    Dex: 10    Spells: 3/3 levels left

rFire   . . .      SeeInvis .   a - +1 hand axe
rCold   . . .      Faith    .   (no shield)
rNeg    . . .      Spirit   .   g - +0 plate armour
rPois   .          Reflect  .   (helmet restricted)
rElec   .          Harm     .   (no cloak)
rCorr   .          Rampage  .   (no gloves)
Will    .....                   (no boots)
Stlth   ..........              (no amulet)
HPRegen 0.13/turn               (no ring)
MPRegen 0.09/turn               (no ring)

@: no status effects
A: horns 2, retaliatory headbutt
a: Renounce Religion, Depart the Abyss, Bend Space, Banish


You were on level 4 of the Dungeon.
You worshipped Lugonu.
Lugonu was most pleased with you.
You visited 1 branch of the dungeon, and saw 4 of its levels.
You visited the Abyss 1 time.

You collected 168 gold pieces.

Inventory:

Hand Weapons
 a - a +1 hand axe (weapon)
Armour
 g - a +0 plate armour (worn)
Jewellery
 i - a +6 ring of intelligence
Scrolls
 b - a scroll of enchant weapon {unknown}
 d - 3 scrolls of teleportation {unknown}
 e - 3 scrolls of noise {unknown}
 f - 2 scrolls of torment {unknown}
 h - a scroll of fear {unknown}
 j - 2 scrolls of identify {unknown}
Potions
 c - 2 potions of magic {unknown}
 k - a potion of might {unknown}


   Skills:
 + Level 4.8 Fighting
 + Level 3.2 Axes
 + Level 4.6 Armour
 + Level 1.1 Dodging
 + Level 0.1 Stealth
 + Level 2.1 Invocations


You had 3 spell levels left.
You didn't know any spells.
Your spell library was empty.

Dungeon Overview and Level Annotations

Branches:
Dungeon (4/15)
 Temple: D:4-7

Altars:
Nemelex Xobeh


Innate Abilities, Weirdness & Mutations

You have a pair of horns on your head.
You reflexively headbutt those who attack you in melee.


Message History

You kill the worm!
Lugonu accepts your kill.
You see here a worm corpse.
A hound comes into view.
The hound barks!
The hound moves out of view.
A hound and a goblin come into view.
The goblin shouts!
A goblin is nearby!
An ogre comes into view. It is wielding a +0 giant spiked club.
The ogre shouts!
The hound barely misses you. You furiously retaliate!
You headbutt the hound. The hound bites you but does no damage.
You slash the hound!
The hound is heavily wounded.
The hound bites you but does no damage.
You slash the hound!
You kill the hound!
Lugonu accepts your kill. The goblin hits you but does no damage.
You slash the goblin!
You kill the goblin!
Lugonu accepts your kill.
You hit the ogre but do no damage. Your headbutt misses the ogre.
The ogre barely misses you.
You hit the ogre.
The ogre is moderately wounded.
The ogre hits you with a +0 giant spiked club!
You slash the ogre!
The ogre is heavily wounded.
The ogre hits you with a +0 giant spiked club!!
You are too injured to fight recklessly!
You are too injured to fight recklessly!
You aren't in the Abyss!
You barely miss the ogre. Your headbutt misses the ogre.
The ogre is heavily wounded.
You hit the ogre. You headbutt the ogre!
The ogre is almost dead.
The ogre hits you with a +0 giant spiked club!
You die...

#.# .#. #.#
... #.# ..
#.#.. ###
##.#. #.. ...
#.# #O# ###
#.####@##.....
#.##...)......
#.##.#†###.#..
##.##.#.#
#..†....#
#.####### #.#
#.# ##.##


You could see an ogre.

Vanquished Creatures
  A hound (D:4)
  5 adders
  A worm (D:4)
  5 ball pythons
  6 bats
  2 endoplasms (D:3)
  7 giant cockroaches
  4 goblins
  4 hobgoblins
  2 jackals (D:2)
  4 kobolds
  9 quokkas
  4 frilled lizards
  2 rats
56 creatures vanquished.

Notes
Turn   | Place    | Note
-------+----------+-------------------------------------------
     0 | Abyss:1  | QueenGhuleh the Minotaur Abyssal Knight began the quest for
                  | the Orb.
     0 | Abyss:1  | Reached XP level 1. HP: 19/19 MP: 1/1
     0 | D:1      | Escaped the Abyss
   139 | D:1      | Reached ** piety under Lugonu
   278 | D:1      | Found a faded altar of an unknown god.
   483 | D:1      | Reached XP level 2. HP: 25/27 MP: 2/2
  1072 | D:2      | Found a sparkling altar of Nemelex Xobeh.
  1211 | D:2      | Reached XP level 3. HP: 33/33 MP: 3/3
  1853 | D:3      | Reached XP level 4. HP: 41/41 MP: 4/4
  2307 | D:3      | Found a glowing drain.
  2311 | D:3      | Reached *** piety under Lugonu
  2522 | D:4      | Noticed an ogre
  2532 | D:4      | Slain by an ogre

Illustrated notes

Levels and vault maps discovered:
D:1:      minmay_arrival_doors, layout_basic,
          shapermc_ecumenical_altar_acropolis, kennysheep_crisscross
D:2:      layout_basic, basic_altar
D:3:      layout_basic, gup_sewer_entry_pipe
D:4:      layout_loops_cross, lemuel_coloured_pillars_altar, serial_shops,
          shop_coins

Skill      XL: |  1  2  3  4 |
---------------+-------------+-----
Invocations    | 2 |  2.1
Fighting       | 4 |  4.8
Armour         | 3 4 |  4.6
Axes           | 3 |  3.2
Dodging        | |  1.1
Stealth        | |  0.1

Action                   |  1- 3 |  4- 6 || total
-------------------------+-------+-------++-------
Melee: Hand axe          |    61 |    47 ||   108
       Headbutt          |     9 |     5 ||    14
Invok: Depart the Abyss  |     1 |       ||     1
Armor: Ring mail         |     9 |       ||     9
       Scale mail        |     2 |       ||     2
       Plate armour      |    34 |    34 ||    68
Dodge: Dodged            |    22 |    14 ||    36
